AoeStats
← henningschult

MegaRandom

506146406Analyzed
1v1 RM · 20d ago on Sep 12, 2026· 54m 4s· 2 players
Game mode
Random Map
Map size
Tiny (2 player)
Population
200
Speed
Normal
Resources
Standard
Victory
Conquest
Starting age
Dark Age
Ending age
Imperial Age
RankedLock teamsTeams togetherTeam positionsShared explorationLock speedFull tech treeHidden civsTurbo modeCheats
Victory
Defeat
🇺🇸 Jurchens · United States
813
+18
🇩🇪 Dravidians · Germany
850
-49
PacoTacoPanda
10:39 Feudal Age
12:43 Double-Bit Axe
13:29 Bloodlines
15:33 Forging
15:17 Horse Collar
19:08 Scale Barding Armor
21:37 Fletching
21:48 Padded Archer Armor
23:53 Castle Age
22:27 Town Watch
23:17 Wheelbarrow
22:30 Loom
23:28 Gold Mining
23:29 Stone Mining
25:33 Iron Casting
25:18 Chain Barding Armor
24:55 Bodkin Arrow
25:15 Leather Archer Armor
29:05 Heavy Plow
29:18 Bow Saw
30:17 Husbandry
31:09 Town Patrol
32:00 Hand Cart
31:31 Loom
33:54 Gold Shaft Mining
33:57 Stone Shaft Mining
34:12 Ballistics
33:35 Treadmill Crane
33:53 Murder Holes
34:11 Masonry
34:11 Siege Engineers
38:33 Imperial Age
38:06 Elite Skirmisher
41:25 Blast Furnace
41:00 Plate Barding Armor
40:26 Bracer
40:56 Ring Archer Armor
40:30 Elite Steppe Lancer
41:36 Conscription
41:18 Fortified Bastions
43:47 Two-Man Saw
43:24 Crop Rotation
43:49 Heavy Rocket Cart
46:04 Hoardings
46:10 Thunderclap Bombs
46:13 Light Cavalry
48:02 Chemistry
47:47 Architecture
47:22 Hussar
henningschult
13:35 Feudal Age
16:18 Man-at-Arms
19:30 Wheelbarrow
25:40 Castle Age
26:05 Double-Bit Axe
26:02 Horse Collar
26:02 Crossbowman
26:09 Light Cavalry
26:12 Pikeman
29:19 Squires
28:43 Elite Skirmisher
30:28 Husbandry
32:21 Long Swordsman
34:10 Thumb Ring
40:39 Imperial Age
41:47 Hand Cart
42:13 Hoardings
43:38 Halberdier
43:40 Two-Handed Swordsman
44:41 Heavy Plow
49:36 Murder Holes
50:02 Ballistics
50:43 Chemistry
49:43 Champion
50:09 Gambesons
50:09 Arson
50:29 Scale Mail Armor
50:41 Forging
50:32 Padded Archer Armor
50:22 Fletching
Connection lost

Rejoining the realm…

Still unreachable

The connection could not be restored.

Session expired

The server has moved on; the page needs a fresh start.